cohdb
Replays
Latest Replays
All Replays
Popular Replays
Top Player Replays
Match Explorer
How It Works
Community
CoH3 Stats
Reddit
Sign in to upload your games and track your stats! →
Sign in with Steam
Match 43769105
Unlisted
Match 43769105
Overview
Messages
Build Orders
End
Construct Infanterie Kompanie
GrW 34 Mortar Team
Selects Breakthrough Battlegroup
Selects Assault Grenadiers
Grenadier Squad
Grenadier Squad
Infanterie Officer Quarters
GrW 34 Mortar Team
Construct Panzergrenadier Kompanie
Grenadier Squad
Selects 2.5-tonne Cargo Truck
2.5-tonne Cargo Truck
Pak 40 Anti-tank Gun Team
MG 42 Machine Gun Team
Support Elements
Nebelwerfer 42 Rocket Launcher Team
Nebelwerfer 42 Rocket Launcher Team
Selects Smoke Bombing Run
Selects Mechanized Assault Group
Construct Panzer Kompanie
StuG III G Assault Gun
Mechanized Assault Group
Construct Luftwaffe Kompanie
PakeTuertO
Luziefer
Krosko
Retzbocher Klaus
Lilfuture
jota barba 7
0
0
Comments
sign in to comment!
No comments posted yet!